[ AOE2 MATCH · #459654139 ]
Team RMMongols vs Britons
[ REPLAY ANALYSIS · EXTRACTED FROM THE RECORDED GAME ]
Feudal
12:37
Castle
16:33
Imperial
36:57
| APM avg | 20.3 |
| APM peak | 60 |
| eAPM avg | 10.7 |
| Villagers / military | 101 / 522 |
Focus
⚔️ 40.7% · 🌾 59.3%
Scout Cavalry ×250 · Steppe Lancer ×122 · Mangudai ×113 · Camel Scout ×20 · Trade Cart ×12 · Mangonel ×7
Feudal
—
Castle
—
Imperial
—
| APM avg | 42.7 |
| APM peak | 190 |
| eAPM avg | 41.2 |
| Villagers / military | 193 / 538 |
Focus
⚔️ 9.4% · 🌾 90.6%
Longbowman ×518 · Trade Cart ×22 · Trebuchet (Packed) ×19 · Monk ×1
Feudal
12:18
Castle
25:05
Imperial
—
| APM avg | 12.1 |
| APM peak | 36 |
| eAPM avg | 8.4 |
| Villagers / military | 130 / 150 |
Focus
⚔️ 26.8% · 🌾 73.2%
Scout Cavalry ×65 · Knight ×34 · Militia ×16 · Skirmisher ×8 · Trade Cart ×8 · Scorpion ×7
Feudal
15:32
Castle
31:04
Imperial
51:07
| APM avg | 21.3 |
| APM peak | 47 |
| eAPM avg | 16.0 |
| Villagers / military | 108 / 691 |
Focus
⚔️ 34.0% · 🌾 66.0%
Skirmisher ×271 · Spearman ×174 · Unknown (2550) ×151 · Archer ×125 · Unknown (2562) ×122 · Petard ×113
Match map
Initial resources + every placement click. Lines = walls · curves = elevation contours. ◆ gold · ⬟ stone · ● berries · ✦ relic · ◌ wall gap
Inputs per minute
— ISRAEL AKBAR - - ApollonTour
Build order — ISRAEL AKBAR
First 150 of 418 actions detected
| 0:01 | Create | Villager (Male) |
| 0:01 | Create | Villager (Male) |
| 0:02 | Create | Villager (Male) |
| 0:08 | Build | House |
| 0:11 | Build | House |
| 0:14 | Create | Villager (Male) |
| 0:14 | Create | Villager (Male) |
| 1:40 | Create | Villager (Male) |
| 1:58 | Build | House |
| 2:16 | Create | Villager (Male) |
| 2:47 | Build | House |
| 2:50 | Create | Villager (Male) |
| 2:51 | Create | Villager (Male) |
| 3:20 | Build | House |
| 3:43 | Create | Villager (Male) |
| 3:56 | Build | Palisade Wall |
| 4:10 | Create | Villager (Male) |
| 4:22 | Build | Lumber Camp |
| 4:27 | Create | Villager (Male) |
| 4:36 | Create | Villager (Male) |
| 4:53 | Create | Villager (Male) |
| 5:09 | Build | House |
| 5:30 | Create | Villager (Male) |
| 6:01 | Build | Mill |
| 6:05 | Create | Villager (Male) |
| 6:08 | Build | House |
| 6:09 | Build | House |
| 6:16 | Create | Villager (Male) |
| 6:38 | Create | Villager (Male) |
| 6:41 | Build | House |
| 7:13 | Create | Villager (Male) |
| 7:31 | Build | Farm |
| 8:10 | Create | Villager (Male) |
| 8:16 | Create | Villager (Male) |
| 8:47 | Create | Villager (Male) |
| 9:16 | Create | Villager (Male) |
| 10:02 | Create | Villager (Male) |
| 10:09 | Research | Feudal Age |
| 10:33 | Build | Mining Camp |
| 10:48 | Create | Villager (Male) |
| 11:11 | Build | Mill |
| 12:37 | Age | Feudal Age |
| 12:46 | Build | Market |
| 12:51 | Build | Blacksmith |
| 13:01 | Create | Villager (Male) |
| 13:20 | Build | Farm |
| 13:22 | Create | Villager (Male) |
| 13:32 | Build | Farm |
| 13:53 | Research | Castle Age |
| 14:04 | Build | Farm |
| 14:05 | Build | Farm |
| 14:11 | Create | Villager (Male) |
| 14:22 | Build | House |
| 15:07 | Build | Mining Camp |
| 15:36 | Build | House |
| 16:00 | Build | Mining Camp |
| 16:06 | Research | Double-Bit Axe |
| 16:10 | Research | Horse Collar |
| 16:13 | Create | Villager (Male) |
| 16:33 | Age | Castle Age |
| 16:35 | Build | House |
| 17:04 | Build | Farm |
| 17:09 | Create | Villager (Male) |
| 17:22 | Create | Villager (Male) |
| 17:26 | Build | Farm |
| 17:31 | Build | House |
| 17:42 | Research | Bow Saw |
| 17:52 | Build | Farm |
| 18:07 | Build | House |
| 18:11 | Create | Villager (Male) |
| 18:26 | Build | Farm |
| 18:31 | Create | Villager (Male) |
| 18:43 | Build | Farm |
| 18:58 | Build | Outpost |
| 19:11 | Build | Farm |
| 19:11 | Create | Villager (Male) |
| 19:29 | Research | Heavy Plow |
| 19:32 | Create | Villager (Male) |
| 19:43 | Build | Monastery |
| 19:51 | Create | Villager (Male) |
| 20:10 | Create | Villager (Male) |
| 20:26 | Build | Dock |
| 20:33 | Create | Monk |
| 20:41 | Create | Monk |
| 20:47 | Create | Villager (Male) |
| 20:53 | Create | Villager (Male) |
| 21:14 | Build | Town Center |
| 21:22 | Create | Villager (Male) |
| 21:24 | Create | Monk |
| 21:57 | Create | Villager (Male) |
| 22:12 | Create | Villager (Male) |
| 22:25 | Create | Villager (Male) |
| 22:38 | Build | Town Center |
| 22:50 | Create | Villager (Male) |
| 22:54 | Create | Villager (Male) |
| 22:58 | Create | Villager (Male) |
| 23:10 | Create | Villager (Male) |
| 23:18 | Build | Barracks |
| 23:29 | Build | Outpost |
| 23:38 | Create | Villager (Male) |
| 23:47 | Create | Villager (Male) |
| 23:49 | Create | Villager (Male) |
| 24:09 | Create | Villager (Male) |
| 24:26 | Build | Farm |
| 24:43 | Create | Villager (Male) |
| 24:48 | Research | Fletching |
| 24:49 | Create | Villager (Male) |
| 24:58 | Build | Archery Range |
| 25:02 | Build | House |
| 25:07 | Create | Villager (Male) ×5 |
| 25:20 | Build | Farm |
| 25:32 | Create | Villager (Male) |
| 25:46 | Build | Farm |
| 25:48 | Create | Villager (Male) |
| 25:49 | Create | Villager (Male) |
| 25:49 | Create | Villager (Male) |
| 25:50 | Create | Villager (Male) |
| 26:02 | Build | House |
| 26:05 | Build | House |
| 26:10 | Build | Farm |
| 26:14 | Create | Villager (Male) ×5 |
| 26:34 | Build | Farm |
| 26:38 | Create | Villager (Male) |
| 26:38 | Create | Villager (Male) |
| 26:48 | Build | House |
| 26:50 | Build | House |
| 27:00 | Research | Wheelbarrow |
| 27:04 | Build | Farm |
| 27:20 | Build | University |
| 27:40 | Build | Castle |
| 27:48 | Build | Farm |
| 27:51 | Create | Villager (Male) |
| 28:21 | Create | Villager (Male) ×5 |
| 28:27 | Research | Ballistics |
| 28:32 | Build | Mining Camp |
| 28:41 | Build | House |
| 28:48 | Build | House |
| 28:59 | Research | Gold Mining |
| 29:00 | Research | Stone Mining |
| 29:17 | Build | Farm |
| 29:30 | Build | Farm |
| 29:31 | Build | Farm |
| 29:33 | Build | Farm |
| 29:34 | Build | Farm |
| 29:38 | Build | Farm |
| 29:39 | Build | Farm |
| 29:40 | Build | Farm |
| 29:48 | Create | Mangudai ×5 |
| 29:52 | Build | Farm |
| 29:57 | Build | House |
Build order — ApollonTour
First 150 of 840 actions detected
| 0:05 | Create | Villager (Male) ×4 |
| 0:07 | Research | Loom |
| 0:07 | Research | Loom |
| 0:12 | Build | House |
| 0:15 | Build | House |
| 1:42 | Create | Villager (Male) |
| 1:42 | Create | Villager (Male) |
| 1:42 | Create | Villager (Male) |
| 2:27 | Create | Villager (Male) ×2 |
| 3:15 | Build | Palisade Wall |
| 3:25 | Create | Villager (Male) ×2 |
| 3:53 | Create | Villager (Male) ×2 |
| 4:01 | Build | House |
| 4:07 | Build | House |
| 4:38 | Create | Villager (Male) ×2 |
| 4:54 | Build | Mill |
| 5:09 | Build | Palisade Wall |
| 5:31 | Create | Villager (Male) ×2 |
| 6:07 | Create | Villager (Male) ×2 |
| 7:31 | Create | Villager (Male) |
| 7:31 | Create | Villager (Male) |
| 7:51 | Build | Lumber Camp |
| 8:15 | Create | Villager (Male) |
| 8:15 | Create | Villager (Male) |
| 8:17 | Create | Villager (Male) |
| 9:02 | Build | Mill |
| 9:11 | Build | Mill |
| 9:30 | Research | Feudal Age |
| 10:30 | Build | Mining Camp |
| 11:34 | Build | Mining Camp |
| 11:52 | Build | House |
| 11:55 | Build | House |
| 12:02 | Build | House |
| 12:15 | Research | Wheelbarrow |
| 13:05 | Create | Villager (Male) |
| 13:29 | Research | Horse Collar |
| 13:39 | Research | Double-Bit Axe |
| 13:39 | Research | Double-Bit Axe |
| 14:01 | Create | Villager (Male) ×4 |
| 15:09 | Create | Villager (Male) ×2 |
| 15:28 | Build | Market |
| 15:40 | Build | Blacksmith |
| 16:15 | Create | Villager (Male) ×7 |
| 16:16 | Create | Villager (Male) |
| 16:43 | Build | Stone Wall |
| 17:25 | Build | Farm |
| 17:37 | Build | Farm |
| 17:47 | Build | Farm |
| 17:56 | Build | Farm |
| 18:09 | Build | Farm |
| 18:37 | Build | Farm |
| 19:06 | Build | Farm |
| 19:19 | Build | Farm |
| 19:31 | Research | Castle Age |
| 20:41 | Build | Farm |
| 20:41 | Build | Farm |
| 20:41 | Build | Farm |
| 20:41 | Build | Farm |
| 20:41 | Build | Farm |
| 20:41 | Build | Farm |
| 20:41 | Build | Farm |
| 20:41 | Build | Farm |
| 20:41 | Build | Farm |
| 20:41 | Build | Farm |
| 20:41 | Build | Farm |
| 20:41 | Build | Farm |
| 20:41 | Build | Farm |
| 20:41 | Build | Farm |
| 20:41 | Build | Farm |
| 20:41 | Build | Farm |
| 20:45 | Build | Farm |
| 20:45 | Build | Farm |
| 20:45 | Build | Farm |
| 20:45 | Build | Farm |
| 20:45 | Build | Farm |
| 20:45 | Build | Farm |
| 20:45 | Build | Farm |
| 20:45 | Build | Farm |
| 20:45 | Build | Farm |
| 20:45 | Build | Farm |
| 20:45 | Build | Farm |
| 20:45 | Build | Farm |
| 20:47 | Research | Stone Mining |
| 20:52 | Build | Farm |
| 20:52 | Build | Farm |
| 20:52 | Research | Gold Mining |
| 20:52 | Build | Farm |
| 20:52 | Build | Farm |
| 20:52 | Build | Farm |
| 20:52 | Build | Farm |
| 20:52 | Build | Farm |
| 20:52 | Build | Farm |
| 20:52 | Build | Farm |
| 20:52 | Build | Farm |
| 20:52 | Build | Farm |
| 20:52 | Build | Farm |
| 20:52 | Build | Farm |
| 20:52 | Build | Farm |
| 20:52 | Build | Farm |
| 20:52 | Build | Farm |
| 20:55 | Build | Farm |
| 20:55 | Build | Farm |
| 20:55 | Build | Farm |
| 20:55 | Build | Farm |
| 20:55 | Build | Farm |
| 20:55 | Build | Farm |
| 20:55 | Build | Farm |
| 20:55 | Build | Farm |
| 20:55 | Build | Farm |
| 20:55 | Build | Farm |
| 20:55 | Build | Farm |
| 20:55 | Build | Farm |
| 20:55 | Build | Farm |
| 20:56 | Build | Farm |
| 20:56 | Build | Farm |
| 20:56 | Build | Farm |
| 20:56 | Build | Farm |
| 20:56 | Build | Farm |
| 20:56 | Build | Farm |
| 20:56 | Build | Farm |
| 20:56 | Build | Farm |
| 20:56 | Build | Farm |
| 20:56 | Build | Farm |
| 20:56 | Build | Farm |
| 20:56 | Build | Farm |
| 20:56 | Build | Farm |
| 20:56 | Build | Farm |
| 20:56 | Build | Farm |
| 20:56 | Build | Farm |
| 20:56 | Build | Farm |
| 20:56 | Research | Fletching |
| 20:57 | Research | Padded Archer Armor |
| 21:25 | Build | Mining Camp |
| 21:36 | Build | Mining Camp |
| 21:50 | Build | Mining Camp |
| 22:01 | Build | Mining Camp |
| 22:13 | Build | Mining Camp |
| 22:18 | Research | Hand Cart |
| 22:37 | Research | Heavy Plow |
| 23:05 | Build | Town Center |
| 23:25 | Build | Town Center |
| 23:44 | Build | Town Center |
| 23:50 | Create | Villager (Male) ×5 |
| 24:04 | Research | Bow Saw |
| 24:31 | Build | Monastery |
| 25:22 | Create | Monk |
| 25:36 | Create | Villager (Male) |
| 25:37 | Create | Villager (Male) |
| 25:37 | Create | Villager (Male) |
| 25:37 | Create | Villager (Male) |
Build order — Ponta
First 150 of 416 actions detected
| 0:03 | Build | House |
| 0:05 | Build | House |
| 0:06 | Create | Villager (Male) |
| 0:20 | Create | Villager (Male) |
| 1:02 | Create | Villager (Male) |
| 1:13 | Create | Villager (Male) |
| 1:36 | Create | Villager (Male) |
| 2:13 | Create | Villager (Male) |
| 2:43 | Create | Villager (Male) |
| 3:08 | Create | Villager (Male) |
| 3:29 | Build | Mill |
| 3:31 | Create | Villager (Male) |
| 4:08 | Build | House |
| 4:18 | Build | House |
| 4:31 | Create | Villager (Male) |
| 4:44 | Create | Villager (Male) |
| 4:51 | Build | Lumber Camp |
| 5:16 | Create | Villager (Male) |
| 5:41 | Build | Building 804 |
| 5:47 | Build | House |
| 5:48 | Build | House |
| 5:54 | Build | House |
| 6:05 | Create | Villager (Male) |
| 6:24 | Create | Villager (Male) |
| 6:43 | Create | Villager (Male) |
| 7:02 | Create | Villager (Male) |
| 7:23 | Build | House |
| 8:06 | Build | Mill |
| 8:13 | Create | Villager (Male) |
| 8:26 | Create | Villager (Male) |
| 9:03 | Create | Villager (Male) |
| 10:08 | Research | Feudal Age |
| 12:18 | Age | Feudal Age |
| 12:44 | Create | Villager (Male) |
| 12:44 | Create | Villager (Male) |
| 13:01 | Build | Mining Camp |
| 13:04 | Create | Villager (Male) |
| 13:04 | Create | Villager (Male) |
| 13:16 | Build | Mining Camp |
| 13:31 | Create | Villager (Male) |
| 13:44 | Build | Barracks |
| 13:52 | Create | Villager (Male) |
| 14:02 | Build | Farm |
| 14:07 | Create | Villager (Male) |
| 14:27 | Research | Horse Collar |
| 14:31 | Research | Double-Bit Axe |
| 14:42 | Build | Blacksmith |
| 14:52 | Create | Villager (Male) |
| 15:17 | Build | Farm |
| 15:36 | Create | Villager (Male) |
| 15:40 | Research | Forging |
| 15:41 | Research | Fletching |
| 15:47 | Build | Farm |
| 16:00 | Create | Villager (Male) |
| 16:03 | Build | Farm |
| 16:29 | Build | Farm |
| 16:39 | Build | Farm |
| 16:52 | Research | Man-at-Arms (upgrade) |
| 16:57 | Create | Militia |
| 16:58 | Create | Militia |
| 17:01 | Build | Farm |
| 17:02 | Create | Villager (Male) |
| 17:14 | Build | Farm |
| 17:17 | Build | Farm |
| 17:22 | Create | Villager (Male) |
| 17:36 | Build | House |
| 17:37 | Build | House |
| 17:41 | Create | Villager (Male) |
| 17:53 | Create | Militia |
| 17:56 | Create | Villager (Male) |
| 18:08 | Build | Farm |
| 18:13 | Create | Villager (Male) |
| 18:31 | Build | Market |
| 18:41 | Create | Villager (Male) |
| 18:48 | Build | Farm |
| 18:54 | Build | House |
| 19:15 | Build | Mining Camp |
| 19:17 | Build | Farm |
| 19:19 | Create | Villager (Male) |
| 19:36 | Build | House |
| 19:38 | Build | House |
| 19:50 | Build | House |
| 19:51 | Build | House |
| 19:54 | Build | House |
| 20:12 | Build | Watch Tower |
| 20:20 | Create | Villager (Male) |
| 20:30 | Create | Villager (Male) |
| 20:34 | Build | Farm |
| 20:51 | Build | Farm |
| 20:54 | Create | Villager (Male) |
| 22:00 | Create | Villager (Male) |
| 22:19 | Create | Villager (Male) |
| 22:23 | Research | Castle Age |
| 22:29 | Build | House |
| 22:56 | Build | Farm |
| 22:59 | Create | Villager (Male) |
| 22:59 | Create | Villager (Male) |
| 23:07 | Research | Scale Mail Armor |
| 23:13 | Build | House |
| 23:14 | Build | House |
| 23:15 | Build | House |
| 23:50 | Build | Lumber Camp |
| 25:05 | Age | Castle Age |
| 25:09 | Build | Building 673 |
| 25:26 | Create | Villager (Male) |
| 25:27 | Create | Villager (Male) |
| 25:28 | Create | Villager (Male) |
| 25:32 | Research | Heavy Plow |
| 25:56 | Research | Long Swordsman (upgrade) |
| 26:16 | Build | Siege Workshop |
| 26:46 | Build | Town Center |
| 27:07 | Create | Villager (Male) |
| 27:10 | Create | Villager (Male) |
| 27:59 | Build | Archery Range |
| 28:02 | Create | Battering Ram |
| 28:19 | Create | Villager (Male) |
| 28:19 | Create | Villager (Male) |
| 28:20 | Create | Villager (Male) |
| 28:21 | Create | Villager (Male) |
| 28:21 | Create | Villager (Male) |
| 28:29 | Create | Villager (Male) |
| 28:29 | Create | Villager (Male) |
| 28:30 | Create | Villager (Male) |
| 28:30 | Create | Villager (Male) |
| 28:44 | Research | Bodkin Arrow |
| 28:46 | Research | Iron Casting |
| 29:01 | Build | Stable |
| 29:15 | Research | Crossbowman (upgrade) |
| 29:16 | Create | Archer |
| 29:17 | Create | Archer |
| 29:18 | Create | Archer |
| 29:19 | Create | Archer |
| 29:31 | Research | Elite Skirmisher (upgrade) |
| 29:33 | Create | Skirmisher |
| 29:33 | Create | Skirmisher |
| 29:59 | Build | Castle |
| 30:14 | Build | Barracks |
| 30:41 | Create | Militia |
| 30:43 | Create | Militia |
| 30:57 | Create | Knight |
| 30:57 | Create | Knight |
| 31:20 | Create | Villager (Male) |
| 31:22 | Create | Villager (Male) |
| 31:23 | Create | Villager (Male) |
| 31:27 | Create | Villager (Male) |
| 31:27 | Create | Villager (Male) |
| 31:28 | Create | Villager (Male) |
| 31:42 | Create | Militia |
| 31:53 | Create | Knight |
| 31:53 | Create | Knight |
Build order — Vexxed
First 150 of 475 actions detected
| 0:18 | Build | House |
| 0:20 | Build | House |
| 0:26 | Create | Villager (Male) |
| 0:26 | Research | Loom |
| 0:27 | Create | Villager (Male) ×3 |
| 0:56 | Build | Palisade Wall |
| 1:31 | Build | Settlement |
| 2:40 | Build | Outpost |
| 2:59 | Create | Villager (Male) |
| 2:59 | Create | Villager (Male) |
| 3:37 | Create | Villager (Male) |
| 3:37 | Create | Villager (Male) |
| 4:28 | Create | Villager (Male) |
| 4:29 | Create | Villager (Male) |
| 4:57 | Create | Villager (Male) |
| 5:44 | Create | Villager (Male) |
| 5:44 | Create | Villager (Male) |
| 6:08 | Create | Villager (Male) |
| 6:09 | Create | Villager (Male) |
| 6:33 | Build | Settlement |
| 6:38 | Create | Villager (Male) |
| 6:38 | Create | Villager (Male) |
| 7:06 | Create | Villager (Male) |
| 7:06 | Create | Villager (Male) |
| 7:36 | Create | Villager (Male) |
| 7:36 | Create | Villager (Male) |
| 7:59 | Create | Villager (Male) |
| 8:06 | Create | Villager (Male) |
| 8:07 | Create | Villager (Male) |
| 8:35 | Build | Settlement |
| 8:56 | Create | Villager (Male) |
| 8:57 | Create | Villager (Male) |
| 8:57 | Create | Villager (Male) |
| 9:19 | Create | Villager (Male) |
| 9:19 | Create | Villager (Male) |
| 9:55 | Create | Villager (Male) |
| 9:55 | Create | Villager (Male) |
| 10:26 | Create | Villager (Male) |
| 10:26 | Create | Villager (Male) |
| 11:17 | Create | Villager (Male) |
| 11:17 | Create | Villager (Male) |
| 11:17 | Create | Villager (Male) |
| 12:11 | Build | Settlement |
| 12:20 | Create | Villager (Male) |
| 12:20 | Create | Villager (Male) |
| 12:36 | Build | Farm |
| 13:03 | Research | Feudal Age |
| 13:12 | Build | Settlement |
| 13:58 | Build | Barracks |
| 14:35 | Build | Settlement |
| 15:32 | Age | Feudal Age |
| 15:38 | Build | Stone Wall |
| 15:41 | Build | Stone Wall |
| 15:54 | Create | Villager (Male) |
| 15:54 | Research | Wheelbarrow |
| 15:55 | Research | Town Watch |
| 16:13 | Build | Market |
| 16:21 | Research | Horse Collar |
| 16:23 | Research | Double-Bit Axe |
| 16:37 | Build | Farm |
| 17:06 | Build | Stone Wall |
| 17:15 | Build | Building 673 |
| 17:34 | Build | Barracks |
| 17:42 | Create | Villager (Male) ×5 |
| 17:47 | Research | Horse Collar |
| 18:01 | Build | Blacksmith |
| 18:19 | Build | Stone Wall |
| 18:22 | Build | Building 487 |
| 18:32 | Create | Villager (Male) ×5 |
| 18:36 | Research | Gold Mining |
| 18:39 | Research | Stone Mining |
| 19:21 | Build | House |
| 19:22 | Build | House |
| 19:39 | Build | Watch Tower |
| 20:04 | Create | Villager (Male) ×5 |
| 20:19 | Build | Settlement |
| 20:52 | Build | House |
| 20:53 | Build | House |
| 20:54 | Build | House |
| 20:55 | Build | House |
| 20:56 | Build | House |
| 22:06 | Build | Farm |
| 22:08 | Build | Farm |
| 22:09 | Build | Farm |
| 22:10 | Build | Farm |
| 22:17 | Build | Farm |
| 22:18 | Build | Farm |
| 22:19 | Build | Farm |
| 22:21 | Build | Farm |
| 22:23 | Build | Farm |
| 22:53 | Build | Farm |
| 22:56 | Create | Villager (Male) ×5 |
| 23:04 | Build | Farm |
| 23:28 | Build | Watch Tower |
| 23:46 | Build | Archery Range |
| 23:47 | Build | Archery Range |
| 24:10 | Build | Farm |
| 24:11 | Create | Villager (Male) ×5 |
| 24:22 | Create | Trade Cart |
| 24:22 | Create | Trade Cart |
| 24:24 | Create | Trade Cart |
| 24:35 | Build | Farm |
| 25:14 | Build | Farm |
| 25:21 | Build | Farm |
| 25:34 | Research | Tech 1402 |
| 25:36 | Create | Skirmisher |
| 25:36 | Create | Skirmisher |
| 25:36 | Create | Skirmisher |
| 25:42 | Research | Fletching |
| 27:13 | Build | Archery Range |
| 27:20 | Build | Barracks |
| 27:22 | Build | Barracks |
| 27:27 | Build | Barracks |
| 27:33 | Build | Barracks |
| 27:41 | Build | Settlement |
| 27:50 | Create | Trade Cart |
| 27:51 | Create | Trade Cart |
| 27:53 | Research | Castle Age |
| 27:58 | Build | Farm |
| 28:05 | Build | Farm |
| 28:10 | Research | Forging |
| 28:12 | Research | Scale Mail Armor |
| 28:12 | Research | Padded Archer Armor |
| 28:32 | Build | Archery Range |
| 28:34 | Build | Archery Range |
| 29:11 | Create | Unit 2550 ×5 |
| 29:20 | Build | Watch Tower |
| 29:23 | Create | Skirmisher ×5 |
| 29:40 | Build | Farm |
| 29:57 | Create | Skirmisher ×5 |
| 30:01 | Create | Unit 2550 ×5 |
| 30:25 | Build | Stone Wall |
| 30:42 | Create | Archer ×5 |
| 30:46 | Create | Unit 2550 ×5 |
| 31:04 | Age | Castle Age |
| 31:15 | Research | Heavy Plow |
| 31:17 | Research | Bow Saw |
| 31:28 | Build | Castle |
| 31:41 | Build | House |
| 31:43 | Build | House |
| 31:45 | Build | House |
| 31:46 | Build | House |
| 31:47 | Build | House |
| 31:58 | Build | University |
| 32:09 | Build | Monastery |
| 32:14 | Build | House |
| 32:15 | Build | House |
| 32:19 | Research | Gold Shaft Mining |
| 32:32 | Research | Squires |
| 32:36 | Research | Tech 1351 |
Match timeline
| 0:56 | Vexxed · wall_segment Palisade Wall x9 |
| 3:15 | ApollonTour · wall_segment Palisade Wall x19 |
| 3:56 | ISRAEL AKBAR · wall_segment Palisade Wall x3 |
| 5:09 | ApollonTour · wall_segment Palisade Wall x11 |
| 12:18 | Ponta · age_up feudal |
| 12:37 | ISRAEL AKBAR · age_up feudal |
| 13:44 | Ponta · first_building Barracks |
| 13:58 | Vexxed · first_building Barracks |
| 15:32 | Vexxed · age_up feudal |
| 15:38 | Vexxed · wall_segment Stone Wall x8 |
| 15:41 | Vexxed · wall_segment Stone Wall x4 |
| 16:33 | ISRAEL AKBAR · age_up castle |
| 16:43 | ApollonTour · wall_segment Stone Wall x19 |
| 17:06 | Vexxed · wall_segment Stone Wall x8 |
| 18:19 | Vexxed · wall_segment Stone Wall x8 |
| 19:43 | ISRAEL AKBAR · first_building Monastery |
| 20:26 | ISRAEL AKBAR · first_building Dock |
| 21:03 | ISRAEL AKBAR · first_market_buy 100 wood |
| 23:18 | ISRAEL AKBAR · first_building Barracks |
| 23:46 | Vexxed · first_building Archery Range |
| 24:31 | ApollonTour · first_building Monastery |
| 24:58 | ISRAEL AKBAR · first_building Archery Range |
| 25:05 | Ponta · age_up castle |
| 26:16 | Ponta · first_building Siege Workshop |
| 26:23 | ApollonTour · first_building Castle |
| 27:40 | ISRAEL AKBAR · first_building Castle |
| 27:59 | Ponta · first_building Archery Range |
| 29:01 | Ponta · first_building Stable |
| 29:59 | Ponta · first_building Castle |
| 30:25 | Vexxed · wall_segment Stone Wall x1 |
| 31:04 | Vexxed · age_up castle |
| 31:28 | Vexxed · first_building Castle |
| 32:09 | Vexxed · first_building Monastery |
| 34:30 | Vexxed · first_market_buy 100 wood |
| 36:22 | ApollonTour · wall_segment Stone Wall x18 |
| 36:57 | ISRAEL AKBAR · age_up imperial |
| 37:52 | ISRAEL AKBAR · first_building Siege Workshop |
| 41:47 | ISRAEL AKBAR · wall_segment Stone Wall x2 |
| 41:50 | ISRAEL AKBAR · wall_segment Stone Wall x5 |
| 43:11 | ISRAEL AKBAR · wall_segment Stone Wall x2 |
| 43:14 | ISRAEL AKBAR · wall_segment Stone Wall x3 |
| 46:14 | Ponta · first_building Monastery |
| 47:22 | ISRAEL AKBAR · first_building Stable |
| 51:07 | Vexxed · age_up imperial |
| 52:22 | Ponta · first_market_buy 100 food |
| 58:21 | ApollonTour · first_market_buy 100 stone |
| 59:35 | ISRAEL AKBAR · wall_segment Stone Wall x7 |
| 60:14 | Vexxed · first_market_sell 500 wood |
| 62:21 | ISRAEL AKBAR · first_market_sell 500 wood |
| 75:23 | ISRAEL AKBAR · resign |
[ AI ANALYSIS · 1 CREDIT ]
What really happened in this match?
Wolo.gg analyzes every decision: build order, eco, micro, common mistakes by bracket. Personalized analysis on WhatsApp or Discord in 30 seconds.
Civ guide
Mongols
Map guide
Black Forest
Perfil
ISRAEL AKBAR